 Dungeon Crawl Stone Soup version 0.31.0-4-g52a2dc7128 (webtiles) character file.

Game seed: 5334782713952649975

167 Sweeb the Slasher (level 5, -3/32 HPs)
             Began as a Tengu Gladiator on Jan 23, 2024.
             Slain by a cerulean imp
             ... wielding a +2 spear
             ... summoned by Natasha
              (4 damage)
             ... on level 3 of the Dungeon.
             The game lasted 00:04:12 (1761 turns).

Sweeb the Slasher (Tengu Gladiator)                 Turns: 1761, Time: 00:04:14

Health: -3/32      AC:  3    Str: 14    XL:     5   Next: 48%
Magic:  6/6        EV: 13    Int:  8    God:
Gold:   1144       SH:  0    Dex: 18    Spells: 4/4 levels left

rFire   . . .        a - +2 long sword
rCold   . . .        (no shield)
rNeg    . . .        b - +0 leather armour
rPois   +            c - +0 hat
rElec   .            (no cloak)
rCorr   .            (no gloves)
SInv    .            (boots unavailable)
Will    .....        (no amulet)
Stlth   +            h - ring of poison resistance
HPRegen 0.25/turn    (no ring)
MPRegen 0.10/turn

%: acrobat
@: slowed, very slow
A: beak, talons 3, acrobatic
a: no special abilities


You were on level 3 of the Dungeon.
You visited 1 branch of the dungeon, and saw 3 of its levels.

You collected 1144 gold pieces.

Inventory:

Hand Weapons
 a - a +2 long sword (weapon)
Missiles
 d - 2 throwing nets (quivered)
 e - a javelin
Armour
 b - a +0 leather armour (worn)
 c - a +0 hat (worn)
Jewellery
 h - a ring of poison resistance (left hand)
 l - a ring of wizardry
Scrolls
 f - a scroll of immolation
 g - a scroll of identify
 i - a scroll of teleportation
 j - a scroll of summoning
 m - a scroll of revelation
Potions
 k - a potion of curing


   Skills:
 + Level 3.0 Fighting
 * Level 4.9 Long Blades
 - Level 2.0 Throwing
 + Level 2.1 Armour
 + Level 4.1 Dodging


You had 4 spell levels left.
You didn't know any spells.
Your spell library was empty.

Dungeon Overview and Level Annotations

Branches:
Dungeon (3/15)

Altars:

Annotations:
D:3 Natasha


Innate Abilities, Weirdness & Mutations

You have a beak for a mouth.
You have claws for feet.
You can magically evade attacks while moving or waiting.


Message History

You completely miss the giant cockroach.
You punch the giant cockroach, but do no damage.
The giant cockroach is moderately wounded.
The giant cockroach bites you.
The cerulean imp hits you from afar with a +2 spear.
You slash the giant cockroach!
You kill the giant cockroach!
The cerulean imp hits you from afar with a +2 spear.
You closely miss the hobgoblin. You peck the hobgoblin.
The hobgoblin is heavily wounded.
The cerulean imp hits you from afar with a +2 spear.
The hobgoblin hits you but does no damage.
The cerulean imp hits you from afar with a +2 spear.
You hit the hobgoblin.
You kill the hobgoblin!
The cerulean imp hits you but does no damage.
You closely miss Natasha.
Natasha stares at you and mumbles some strange words.
You feel yourself slow down. The cerulean imp barely misses you.
Natasha mumbles some strange words.
Sorry, you're not good enough to have a special ability.
Throw: 3 throwing nets
Press: ? - help, Q - select action, (/) - cycle Shift-Dir - straight line, f - Natasha
Aim: Natasha (53% to hit)
You throw a throwing net. The throwing net hits Natasha.
Natasha is caught in the net!
The cerulean imp closely misses you.
Natasha struggles against the net.
You slash Natasha! Your kick misses Natasha.
You peck Natasha, but do no damage.
Natasha is severely wounded.
The cerulean imp hits you from afar with a +2 spear.
The cerulean imp hits you from afar with a +0 spear.
* * * LOW HITPOINT WARNING * * *
Natasha stares at you and mumbles some strange words.
The magic dart hits you.
* * * LOW HITPOINT WARNING * * *
Natasha struggles against the net.
The cerulean imp hits you but does no damage.
The cerulean imp hits you from afar with a +2 spear.
You die...

*,**,,,**,,*..............<...##.
*,*,,,**,,**.....................
,,*,***,,**,*#................##.
,,*,,,,,**,,,*#..............###.
,,,,,##****,,,.>............## #.
,****#..,*****###..#...###.## #.
,,,,*#..,* ##.###.....## #.
,,,,*#...* #####.......#..####.
,,,..#...#####5h@...####.........
,,,...........5###.##..........##
,,,,*#.............#######...<...
*****#...######.##.#,,*,,#.....##
#..,* #....#,,*,,#.....## #.,,**
######+***+####...# #,,,,**
*,,+,,,,,+,,#.... ****,,*
*,,*,,,,,*,,#..#. **,***
****,,,,,***#..#.


You could see Natasha (caught) and 2 cerulean imps.

Vanquished Creatures
  Terence (D:2)
  An orc wizard (D:3)
  5 gnolls
  An adder (D:3)
  A dart slug (D:1)
  3 ribbon worms (D:2)
  3 orcs (D:3)
  3 ball pythons
  2 endoplasms
  3 giant cockroaches
  9 goblins
  2 hobgoblins
  2 quokkas
  4 bats
  2 frilled lizards (D:1)
  2 kobolds (D:2)
  4 rats
48 creatures vanquished.

Notes
Turn   | Place    | Note
-------+----------+-------------------------------------------
     0 | D:1      | Sweeb the Tengu Gladiator began the quest for the Orb.
     0 | D:1      | Reached XP level 1. HP: 12/12 MP: 2/2
    55 | D:1      | Reached XP level 2. HP: 7/17 MP: 3/3
   470 | D:1      | Reached skill level 1 in Armour
   472 | D:1      | Reached XP level 3. HP: 18/21 MP: 4/4
   540 | D:1      | Found a faded altar of an unknown god.
   851 | D:2      | Noticed Terence
   859 | D:2      | Killed Terence
   860 | D:2      | Reached XP level 4. HP: 13/27 MP: 5/5
  1411 | D:2      | Reached XP level 5. HP: 31/32 MP: 6/6
  1479 | D:2      | Identified a scroll of acquirement
  1483 | D:2      | Acquired 1003 gold pieces
  1747 | D:3      | Noticed Natasha
  1761 | D:3      | HP: 1/32 [Natasha/magic dart (6)]
  1761 | D:3      | Slain by a cerulean imp

Illustrated notes

Levels and vault maps discovered:
D:1:      roderic_chinese_lattice_arrival, layout_basic,
          hellmonk_ecumenical_altar_heavens_door, kennysheep_decorative_pillar,
          chequers_garden, minmay_tetromino_o2
D:2:      layout_basic, minmay_misc_feat_x, uniq_terence
D:3:      minmay_evil_eye, layout_rooms, minmay_snake_closets, uniq_natasha

Skill      XL: |  1  2  3  4  5 |
---------------+----------------+-----
Armour         | 1 2 |  2.1
Long Blades    | 4 |  4.9
Dodging        | 4 |  4.1
Fighting       | 3 |  3.0
Throwing       | |  2.0

Action                     |  1- 3 |  4- 6 || total
---------------------------+-------+-------++-------
  Melee: Long sword        |    48 |    64 ||   112
         Kick              |    10 |    17 ||    27
         Peck              |     6 |     8 ||    14
         Punch             |     2 |     1 ||     3
  Throw: Throwing net      |     2 |     1 ||     3
    Use: Scroll            |     2 |    10 ||    12
         Potion            |       |     1 ||     1
   Stab: Sleeping          |     2 |     1 ||     3
 Armour: Leather armour    |    24 |    37 ||    61
  Dodge: Dodged            |    25 |    59 ||    84
